Santa Cruz Tiger Sharks vs Espoo Blues
Created - Monday, July 24, 2023 at 06:16
Goals
|
| Santa Cruz Tiger Sharks |
0 |
0 |
2 |
2 |
| Espoo Blues |
1 |
1 |
1 |
3 |
|
Shots
|
| Santa Cruz Tiger Sharks |
14 |
12 |
8 |
34 |
| Espoo Blues |
5 |
10 |
24 |
39 |
|
1st period
1. Espoo Blues , Stefan Noesen 17 (Derick Brassard 21) at 15:07
Penalties :
Sean Day (SCS) for Boarding (Minor) at 3:34, Fredrik Karlstrom (ESP) for Interference (Minor) at 17:37
2nd period
2. Espoo Blues , Derick Brassard 13 (Joe Snively 11, Mattias Samuelsson 11) at 16:07 (PP)
Penalties :
Stefan Noesen (ESP) for High sticking (Minor) at 2:44, Zachary Sanford (SCS) for Hooking (Minor) at 15:42, Brendan Lemieux (ESP) for Holding Stick (Minor) at 16:14
3rd period
3. Santa Cruz Tiger Sharks , Michael McLeod 7 (Zachary Sanford 10, Jesper Boqvist 16) at 5:05
4. Espoo Blues , Patric Hornqvist 11 (Brendan Lemieux 14, Derek Grant 14) at 18:19
5. Santa Cruz Tiger Sharks , Carter Rowney 1 (Kristians Rubins 3) at 18:29
Penalties :
Hunter Drew (SCS) for Holding Stick (Minor) at 8:35, Brendan Lemieux (ESP) for Hooking (Minor) at 15:41
Goalie Stats
Carter Hart (SCS), 36 saves from 39 shots - (0.923), L, 14-5-1, 59:10 minutes
Spencer Knight (ESP), 32 saves from 34 shots - (0.941), W, 14-5-1, 60:00 minutes
Players Stats for Santa Cruz Tiger Sharks
Player Name G A P +/- PIM S H SB GA TA FO MP PP MP PK MP
------------------------------------------------------------------------------------
Alexander Volkov 0 0 0 0 0 1 0 0 0 1 0/0 9:32 0:00 0:20
Austin Strand 0 0 0 0 0 2 0 2 0 1 0/0 24:07 4:12 2:09
Calle Rosen 0 0 0 0 0 0 0 1 0 1 0/0 24:48 4:12 2:09
Carter Rowney 1 0 1 0 0 7 0 0 1 0 1/1 11:58 0:03 0:00
David Gustafsson 0 0 0 0 0 2 2 1 0 0 2/3 9:04 0:00 0:00
Evgeny Svechnikov 0 0 0 0 0 2 2 2 0 1 0/0 9:07 0:03 0:00
Hunter Drew 0 0 0 0 2 0 1 1 0 0 0/0 14:18 0:00 0:00
Jack Roslovic 0 0 0 -1 0 3 0 2 1 1 9/21 20:03 3:55 2:05
Jesper Boqvist 0 1 1 1 0 3 1 1 1 1 0/0 16:26 3:55 0:00
Kailer Yamamoto 0 0 0 -1 0 2 1 0 2 0 0/0 20:06 3:58 2:05
Kevin Rooney 0 0 0 0 0 3 1 0 0 0 6/12 12:01 0:06 0:00
Kristians Rubins 0 1 1 0 0 0 0 0 0 2 0/0 21:35 3:44 2:14
Michael McLeod 1 0 1 1 0 3 3 0 1 1 13/18 18:24 3:55 1:58
Sean Day 0 0 0 0 2 0 2 0 0 0 0/0 21:17 3:44 1:08
Steven Lorentz 0 0 0 0 0 2 3 0 0 0 0/0 11:55 0:00 0:00
Travis Boyd 0 0 0 -1 0 2 2 1 0 0 0/1 19:27 3:58 2:08
Wyatt Kalynuk 0 0 0 0 0 0 0 0 0 0 0/0 14:43 0:00 1:06
Zachary Sanford 0 1 1 1 2 2 0 1 0 0 1/1 16:43 3:55 0:10
Players Stats for Espoo Blues
Player Name G A P +/- PIM S H SB GA TA FO MP PP MP PK MP
------------------------------------------------------------------------------------
Anton Blidh 0 0 0 0 0 2 1 0 0 0 0/0 9:08 0:13 0:00
Brendan Lemieux 0 1 1 0 4 3 0 0 1 0 0/0 14:43 1:55 0:00
Cam York 0 0 0 1 0 2 0 0 0 1 0/0 21:08 1:50 2:52
Chad Ruhwedel 0 0 0 1 0 1 1 1 0 0 0/0 20:23 1:50 2:52
Derek Grant 0 1 1 0 0 3 2 2 1 0 12/27 19:26 1:55 4:32
Derick Brassard 1 1 2 1 0 4 2 1 0 1 7/17 19:59 2:15 3:09
Fredrik Karlstrom 0 0 0 -1 2 0 0 0 0 0 3/7 11:47 0:00 0:00
Gavin Bayreuther 0 0 0 0 0 0 1 1 0 1 0/0 12:51 0:00 0:00
Joe Snively 0 1 1 1 0 1 0 1 1 0 0/1 17:30 2:15 1:16
Logan O'Connor 0 0 0 -1 0 4 0 1 2 1 0/0 15:19 0:13 2:23
Mattias Janmark 0 0 0 -1 0 1 0 1 1 0 0/0 16:41 0:13 4:32
Mattias Samuelsson 0 1 1 -1 0 4 0 4 0 1 0/0 26:46 2:33 5:04
Michael Stone 0 0 0 -1 0 4 2 4 1 1 0/0 26:01 2:33 5:04
Patric Hornqvist 1 0 1 0 0 6 3 0 0 0 0/1 14:11 1:55 0:00
Ridly Greig 0 0 0 0 0 0 1 1 0 0 0/0 8:48 0:00 0:00
Stefan Noesen 1 0 1 1 2 4 1 0 2 0 2/2 15:40 2:15 0:00
Urho Vaakanainen 0 0 0 0 0 0 2 1 0 0 0/0 12:51 0:00 0:00
Viktor Lodin 0 0 0 0 0 0 1 0 0 0 1/2 8:48 0:00 0:00
3 Stars
1 - Derick Brassard (ESP)
2 - Michael McLeod (SCS)
3 - Spencer Knight (ESP)
Power Play
Santa Cruz Tiger Sharks - 0 on 4 Attempt(s) - 0.00%
Espoo Blues - 1 on 3 Attempt(s) - 33.33%
Penalty Kill
Santa Cruz Tiger Sharks - 2 on 3 Attempt(s) - 66.67%
- Score 0 goal in Penalty Kill
Espoo Blues - 4 on 4 Attempt(s) - 100.00%
- Score 0 goal in Penalty Kill
Team Stat
Santa Cruz Tiger Sharks - Hits : 18 - Faceoff Wins : 32 - Blocked Shots : 12 - Penalty Minutes : 6
Espoo Blues - Hits : 17 - Faceoff Wins : 25 - Blocked Shots : 18 - Penalty Minutes : 8
Official
Referees : Tim Peel and Kelly Sutherland
Linesman : Ryan Gibbons and Mike Cvik
Game Notes
No Game Note
Santa Cruz Tiger Sharks
5 vs 5 Forward
Center Left Wing Right Wing Time % Phy DF OF
1 Jack Roslovic Travis Boyd Kailer Yamamoto 30 1 2 2
2 Michael McLeod Zachary Sanford Jesper Boqvist 30 1 2 2
3 Kevin Rooney Steven Lorentz Carter Rowney 25 1 2 2
4 David Gustafsson Evgeny Svechnikov Alexander Volkov 15 1 2 2
5 vs 5 Defense
Defense Defense Time % Phy DF OF
1 Austin Strand Calle Rosen 35 1 2 2
2 Sean Day Kristians Rubins 35 1 2 2
3 Hunter Drew Wyatt Kalynuk 30 1 2 2
4 Austin Strand Calle Rosen 0 1 2 2
PowerPlay Forward
Center Left Wing Right Wing Time % Phy DF OF
1 Jack Roslovic Travis Boyd Kailer Yamamoto 50 1 2 2
2 Michael McLeod Zachary Sanford Jesper Boqvist 50 1 2 2
PowerPlay Defense
Defense Defense Time % Phy DF OF
1 Austin Strand Calle Rosen 50 1 2 2
2 Sean Day Kristians Rubins 50 1 2 2
Penalty Kill 4 Players Forward
Center Wing Time % Phy DF OF
1 Jack Roslovic Kailer Yamamoto 50 1 2 2
2 Michael McLeod Travis Boyd 50 1 2 2
Penalty Kill 4 Players Defense
Defense Defense Time % Phy DF OF
1 Austin Strand Calle Rosen 50 1 2 2
2 Sean Day Kristians Rubins 50 1 2 2
Penalty Kill - 3 Players Forward
Forward Time % Phy DF OF
1 Jack Roslovic 50 1 2 2
2 Kailer Yamamoto 50 1 2 2
Penalty Kill - 3 Players Defense
Defense Defense Time % Phy DF OF
1 Austin Strand Calle Rosen 50 1 2 2
2 Sean Day Kristians Rubins 50 1 2 2
4 vs 4 Forward
Center Wing Time % Phy DF OF
1 Jack Roslovic Kailer Yamamoto 50 1 2 2
2 Michael McLeod Travis Boyd 50 1 2 2
4 vs 4 Defense
Defense Defense Time % Phy DF OF
1 Austin Strand Calle Rosen 50 1 2 2
2 Sean Day Kristians Rubins 50 1 2 2
Last Minutes Offensive
Center Left Wing Right Wing Defense Defense
Jack Roslovic Travis Boyd Kailer Yamamoto Austin Strand Calle Rosen
Last Minutes Defensive
Center Left Wing Right Wing Defense Defense
Jack Roslovic Travis Boyd Kailer Yamamoto Austin Strand Calle Rosen
Goaltenders
Starting : Carter Hart
Backup : Mikhail Berdin
Extra Forwards
Normal : Kevin Rooney, Carter Rowney, Alexander Volkov - PP : Kevin Rooney, Carter Rowney - PK : Alexander Volkov
Extra Defensemen
Normal : Hunter Drew, Wyatt Kalynuk, Sean Day - PP : Hunter Drew - PK : Wyatt Kalynuk, Sean Day
Penalty Shots
Jack Roslovic, Kailer Yamamoto, Michael McLeod, Travis Boyd, Zachary Sanford
Espoo Blues
5 vs 5 Forward
Center Left Wing Right Wing Time % Phy DF OF
1 Derick Brassard Joe Snively Stefan Noesen 37 1 1 2
2 Derek Grant Patric Hornqvist Brendan Lemieux 36 1 2 2
3 Fredrik Karlstrom Mattias Janmark Logan O'Connor 22 1 2 2
4 Viktor Lodin Anton Blidh Ridly Greig 5 1 2 2
5 vs 5 Defense
Defense Defense Time % Phy DF OF
1 Mattias Samuelsson Michael Stone 41 1 2 2
2 Chad Ruhwedel Cam York 32 1 2 2
3 Urho Vaakanainen Gavin Bayreuther 20 1 2 2
4 Mattias Samuelsson Cam York 7 1 2 2
PowerPlay Forward
Center Left Wing Right Wing Time % Phy DF OF
1 Derick Brassard Joe Snively Stefan Noesen 62 1 2 2
2 Derek Grant Brendan Lemieux Patric Hornqvist 38 1 2 2
PowerPlay Defense
Defense Defense Time % Phy DF OF
1 Mattias Samuelsson Michael Stone 60 1 2 2
2 Chad Ruhwedel Cam York 40 1 2 2
Penalty Kill 4 Players Forward
Center Wing Time % Phy DF OF
1 Derek Grant Mattias Janmark 60 1 2 2
2 Derick Brassard Logan O'Connor 40 1 2 2
Penalty Kill 4 Players Defense
Defense Defense Time % Phy DF OF
1 Mattias Samuelsson Michael Stone 60 1 2 2
2 Chad Ruhwedel Cam York 40 1 2 2
Penalty Kill - 3 Players Forward
Forward Time % Phy DF OF
1 Derek Grant 60 1 2 2
2 Derick Brassard 40 1 2 2
Penalty Kill - 3 Players Defense
Defense Defense Time % Phy DF OF
1 Mattias Samuelsson Michael Stone 60 1 2 2
2 Chad Ruhwedel Cam York 40 1 2 2
4 vs 4 Forward
Center Wing Time % Phy DF OF
1 Derek Grant Stefan Noesen 60 1 2 2
2 Derick Brassard Joe Snively 40 1 2 2
4 vs 4 Defense
Defense Defense Time % Phy DF OF
1 Mattias Samuelsson Michael Stone 60 1 2 2
2 Chad Ruhwedel Cam York 40 1 2 2
Last Minutes Offensive
Center Left Wing Right Wing Defense Defense
Derek Grant Joe Snively Stefan Noesen Mattias Samuelsson Michael Stone
Last Minutes Defensive
Center Left Wing Right Wing Defense Defense
Derek Grant Derick Brassard Logan O'Connor Mattias Samuelsson Michael Stone
Goaltenders
Starting : Spencer Knight
Backup : Stuart Skinner
Extra Forwards
Normal : Stefan Noesen, Joe Snively, Derick Brassard - PP : Stefan Noesen, Joe Snively - PK : Logan O'Connor
Extra Defensemen
Normal : Cam York, Mattias Samuelsson, Michael Stone - PP : Michael Stone - PK : Urho Vaakanainen, Gavin Bayreuther
Penalty Shots
Stefan Noesen, Patric Hornqvist, Joe Snively, Brendan Lemieux, Viktor Lodin
% Time on Ice - Santa Cruz Tiger Sharks
Lines # - Real PCT - Wanted PCT - Time Play
Normal Forward
1 - 28% - 30% - 12:54
2 - 27% - 30% - 12:39
3 - 26% - 25% - 11:55
4 - 19% - 15% - 9:04
Normal Defense
1 - 36% - 35% - 16:37
2 - 35% - 35% - 16:18
3 - 29% - 30% - 13:37
4 - 0% - 0% - 0:00
PP Forward
1 - 51% - 50% - 4:01
2 - 49% - 50% - 3:55
PP Defense
1 - 53% - 50% - 4:12
2 - 47% - 50% - 3:44
PK Forward
1 - 48% - 50% - 2:05
2 - 52% - 50% - 2:18
PK Defense
1 - 49% - 50% - 2:09
2 - 51% - 50% - 2:14
PK3 Forward
1 - 0% - 50%
2 - 0% - 50%
PK3 Defense
1 - 0% - 50%
2 - 0% - 50%
44 Forward
1 - 0% - 50%
2 - 0% - 50%
44 Defense
1 - 0% - 50%
2 - 0% - 50%
Last Minute Offensive - 1:09
Last Minute Defensive - 0:00
Total
Forward - 60:00
Defense - 60:00
|
% Time on Ice - Espoo Blues
Lines # - Real PCT - Wanted PCT - Time Play
Normal Forward
1 - 30% - 37% - 14:07
2 - 26% - 36% - 12:16
3 - 25% - 22% - 11:48
4 - 19% - 5% - 8:48
Normal Defense
1 - 38% - 41% - 17:42
2 - 33% - 32% - 15:41
3 - 27% - 20% - 12:51
4 - 2% - 7% - 0:45
PP Forward
1 - 56% - 62% - 2:28
2 - 44% - 38% - 1:55
PP Defense
1 - 58% - 60% - 2:33
2 - 42% - 40% - 1:50
PK Forward
1 - 75% - 60% - 5:57
2 - 25% - 40% - 1:59
PK Defense
1 - 64% - 60% - 5:04
2 - 36% - 40% - 2:52
PK3 Forward
1 - 0% - 60%
2 - 0% - 40%
PK3 Defense
1 - 0% - 60%
2 - 0% - 40%
44 Forward
1 - 0% - 60%
2 - 0% - 40%
44 Defense
1 - 0% - 60%
2 - 0% - 40%
Last Minute Offensive - 0:00
Last Minute Defensive - 0:42
Total
Forward - 60:00
Defense - 60:00
|
Play-by-Play
1st period
0:01 of 1st period - Derick Brassard wins face-off versus Jack Roslovic in neutral zone.
0:38 of 1st period - Slapshot by Jesper Boqvist.
0:38 of 1st period - Deflect By Zachary Sanford.
0:38 of 1st period - Stopped by Spencer Knight without a rebound.
0:39 of 1st period - Derek Grant wins face-off versus Kevin Rooney in Espoo Blues zone.
1:16 of 1st period - Snap shot by Jesper Boqvist.
1:16 of 1st period - Stopped by Spencer Knight with a rebound.
1:56 of 1st period - Wrist shot by Jack Roslovic.
1:56 of 1st period - Stopped by Spencer Knight without a rebound.
1:57 of 1st period - Fredrik Karlstrom wins face-off versus Kevin Rooney in Espoo Blues zone.
2:04 of 1st period - Wrist shot by Carter Rowney.
2:04 of 1st period - Shot Blocked by Michael Stone.
2:06 of 1st period - Snap shot by Kristians Rubins.
2:06 of 1st period - Shot Misses the Net.
2:08 of 1st period - Snap shot by Kevin Rooney.
2:08 of 1st period - Shot Misses the Net.
2:10 of 1st period - Snap shot by Carter Rowney.
2:10 of 1st period - Stopped by Spencer Knight with a rebound.
2:12 of 1st period - Slapshot by Kristians Rubins.
2:12 of 1st period - Deflect By Steven Lorentz.
2:12 of 1st period - Stopped by Spencer Knight without a rebound.
2:13 of 1st period - Michael McLeod wins face-off versus Viktor Lodin in Espoo Blues zone.
2:28 of 1st period - Jesper Boqvist is hit by Urho Vaakanainen.
2:41 of 1st period - Snap shot by Jesper Boqvist.
2:41 of 1st period - Shot Misses the Net.
3:23 of 1st period - Snap shot by Jesper Boqvist.
3:23 of 1st period - Deflect By Michael McLeod.
3:23 of 1st period - Stopped by Spencer Knight without a rebound.
3:24 of 1st period - Stefan Noesen wins face-off versus Jack Roslovic in Espoo Blues zone.
3:34 of 1st period - Minor Penalty to Sean Day for Boarding.
3:35 of 1st period - Jack Roslovic wins face-off versus Derick Brassard in Santa Cruz Tiger Sharks zone.
4:02 of 1st period - Derek Grant is hit by Michael McLeod and loses puck.
5:34 of 1st period - Penalty to Sean Day is over, Sean Day is back on ice.
6:23 of 1st period - Snap shot by Mattias Janmark.
6:23 of 1st period - Shot Misses the Net.
6:33 of 1st period - Snap shot by Carter Rowney.
6:33 of 1st period - Shot Blocked by Derick Brassard.
7:22 of 1st period - Jack Roslovic is hit by Derick Brassard and loses puck.
7:33 of 1st period - David Gustafsson is hit by Patric Hornqvist and loses puck.
7:46 of 1st period - Sean Day is hit by Ridly Greig and loses puck.
8:00 of 1st period - Icing by Urho Vaakanainen.
8:01 of 1st period - Kevin Rooney wins face-off versus Derick Brassard in Espoo Blues zone.
8:04 of 1st period - Wrist shot by Carter Rowney.
8:04 of 1st period - Shot Blocked by Joe Snively.
8:20 of 1st period - Patric Hornqvist is hit by Steven Lorentz and loses puck.
8:27 of 1st period - Steven Lorentz is hit by Derek Grant and loses puck.
8:37 of 1st period - Icing by Cam York.
8:38 of 1st period - Fredrik Karlstrom wins face-off versus David Gustafsson in Espoo Blues zone.
8:53 of 1st period - Icing by Mattias Janmark.
8:54 of 1st period - Jack Roslovic wins face-off versus Fredrik Karlstrom in Espoo Blues zone.
9:05 of 1st period - Wrist shot by Jack Roslovic.
9:05 of 1st period - Stopped by Spencer Knight with a rebound.
9:15 of 1st period - Slapshot by Logan O'Connor.
9:15 of 1st period - Stopped by Carter Hart with a rebound.
9:37 of 1st period - Wrist shot by Mattias Janmark.
9:37 of 1st period - Shot Misses the Net.
10:01 of 1st period - Slapshot by Logan O'Connor.
10:01 of 1st period - Shot Blocked by Austin Strand.
10:03 of 1st period - Slapshot by Cam York.
10:03 of 1st period - Stopped by Carter Hart without a rebound.
10:04 of 1st period - Stefan Noesen wins face-off versus Kevin Rooney in Santa Cruz Tiger Sharks zone.
10:07 of 1st period - Snap shot by Stefan Noesen.
10:07 of 1st period - Stopped by Carter Hart without a rebound.
10:08 of 1st period - Kevin Rooney wins face-off versus Derick Brassard in Santa Cruz Tiger Sharks zone.
10:13 of 1st period - Joe Snively is hit by Steven Lorentz and loses puck.
10:24 of 1st period - Snap shot by Steven Lorentz.
10:24 of 1st period - Shot Blocked by Mattias Samuelsson.
10:40 of 1st period - Wrist shot by Patric Hornqvist.
10:40 of 1st period - Stopped by Carter Hart with a rebound.
10:44 of 1st period - Snap shot by Brendan Lemieux.
10:44 of 1st period - Shot Misses the Net.
10:46 of 1st period - Snap shot by Derek Grant.
10:46 of 1st period - Shot Misses the Net.
11:02 of 1st period - Wrist shot by David Gustafsson.
11:02 of 1st period - Stopped by Spencer Knight with a rebound.
11:04 of 1st period - Backhand shot by Evgeny Svechnikov.
11:04 of 1st period - Shot Misses the Net.
11:06 of 1st period - Wrist shot by Alexander Volkov.
11:06 of 1st period - Stopped by Spencer Knight without a rebound.
11:07 of 1st period - Kevin Rooney wins face-off versus Derek Grant in Espoo Blues zone.
11:18 of 1st period - Wyatt Kalynuk is hit by Patric Hornqvist and loses puck.
11:33 of 1st period - Hunter Drew is hit by Stefan Noesen and loses puck.
12:09 of 1st period - Wrist shot by Alexander Volkov.
12:09 of 1st period - Shot Blocked by Michael Stone.
13:58 of 1st period - Snap shot by Kevin Rooney.
13:58 of 1st period - Stopped by Spencer Knight with a rebound.
14:00 of 1st period - Wrist shot by Kevin Rooney.
14:00 of 1st period - Stopped by Spencer Knight without a rebound.
14:01 of 1st period - Kevin Rooney wins face-off versus Derick Brassard in Espoo Blues zone.
14:06 of 1st period - Slapshot by Carter Rowney.
14:06 of 1st period - Stopped by Spencer Knight with a rebound.
14:08 of 1st period - Wrist shot by Carter Rowney.
14:08 of 1st period - Shot Blocked by Michael Stone.
14:10 of 1st period - Slapshot by Kevin Rooney.
14:10 of 1st period - Shot Blocked by Mattias Samuelsson.
14:12 of 1st period - Snap shot by Carter Rowney.
14:12 of 1st period - Stopped by Spencer Knight without a rebound.
14:13 of 1st period - Derick Brassard wins face-off versus Jack Roslovic in Espoo Blues zone.
14:21 of 1st period - Icing by Stefan Noesen.
14:22 of 1st period - Jack Roslovic wins face-off versus Derick Brassard in Espoo Blues zone.
14:23 of 1st period - Wrist shot by Kailer Yamamoto.
14:23 of 1st period - Shot Misses the Net.
15:05 of 1st period - Slapshot by Derick Brassard.
15:05 of 1st period - Shot Misses the Net.
15:07 of 1st period - Snap shot by Stefan Noesen.
15:07 of 1st period - Goal by Stefan Noesen - Santa Cruz Tiger Sharks : 0 - Espoo Blues : 1.
15:08 of 1st period - Michael McLeod wins face-off versus Derek Grant in neutral zone.
15:15 of 1st period - Snap shot by Michael McLeod.
15:15 of 1st period - Shot Misses the Net.
16:02 of 1st period - Calle Rosen is hit by Derick Brassard.
16:19 of 1st period - Wrist shot by Alexander Volkov.
16:19 of 1st period - Shot Blocked by Chad Ruhwedel.
16:21 of 1st period - Snap shot by Evgeny Svechnikov.
16:21 of 1st period - Stopped by Spencer Knight with a rebound.
16:23 of 1st period - Slapshot by Austin Strand.
16:23 of 1st period - Shot Blocked by Derek Grant.
17:31 of 1st period - Wrist shot by Jack Roslovic.
17:31 of 1st period - Shot Misses the Net.
17:37 of 1st period - Minor Penalty to Fredrik Karlstrom for Interference.
17:38 of 1st period - Derek Grant wins face-off versus Jack Roslovic in Espoo Blues zone.
19:17 of 1st period - Kailer Yamamoto is hit by Michael Stone and loses puck.
19:37 of 1st period - Penalty to Fredrik Karlstrom is over, Fredrik Karlstrom is back on ice.
Goals for this period are 0 for Santa Cruz Tiger Sharks vs 1 for Espoo Blues.
Shots for this period are 14 for Santa Cruz Tiger Sharks vs 5 for Espoo Blues.
2nd period
0:01 of 2nd period - Michael McLeod wins face-off versus Derek Grant in neutral zone.
1:25 of 2nd period - Icing by Alexander Volkov.
1:26 of 2nd period - David Gustafsson wins face-off versus Derek Grant in Santa Cruz Tiger Sharks zone.
1:35 of 2nd period - Backhand shot by Jesper Boqvist.
1:35 of 2nd period - Shot Blocked by Gavin Bayreuther.
1:59 of 2nd period - Wrist shot by Kailer Yamamoto.
1:59 of 2nd period - Stopped by Spencer Knight with a rebound.
2:16 of 2nd period - Wrist shot by Kevin Rooney.
2:16 of 2nd period - Shot Blocked by Urho Vaakanainen.
2:20 of 2nd period - Slapshot by Steven Lorentz.
2:20 of 2nd period - Deflect By Carter Rowney.
2:20 of 2nd period - Stopped by Spencer Knight with a rebound.
2:22 of 2nd period - Wrist shot by Carter Rowney.
2:22 of 2nd period - Stopped by Spencer Knight with a rebound.
2:24 of 2nd period - Wrist shot by Carter Rowney.
2:24 of 2nd period - Deflect By Steven Lorentz.
2:24 of 2nd period - Stopped by Spencer Knight with a rebound.
2:43 of 2nd period - Wrist shot by David Gustafsson.
2:43 of 2nd period - Stopped by Spencer Knight without a rebound.
2:44 of 2nd period - Derick Brassard wins face-off versus Michael McLeod in Espoo Blues zone.
2:44 of 2nd period - Minor Penalty to Stefan Noesen for High sticking.
2:45 of 2nd period - Derek Grant wins face-off versus Michael McLeod in Espoo Blues zone.
2:45 of 2nd period - Derek Grant is hit by Michael McLeod.
2:54 of 2nd period - Off-side.
2:55 of 2nd period - Derek Grant wins face-off versus Michael McLeod in neutral zone.
2:57 of 2nd period - Off-side.
2:58 of 2nd period - Derek Grant wins face-off versus Jack Roslovic in neutral zone.
4:44 of 2nd period - Penalty to Stefan Noesen is over, Stefan Noesen is back on ice.
5:03 of 2nd period - Backhand shot by Anton Blidh.
5:03 of 2nd period - Shot Misses the Net.
5:05 of 2nd period - Slapshot by Gavin Bayreuther.
5:05 of 2nd period - Shot Misses the Net.
6:05 of 2nd period - Wrist shot by Anton Blidh.
6:05 of 2nd period - Shot Blocked by Hunter Drew.
6:48 of 2nd period - Mattias Janmark is hit by David Gustafsson and loses puck.
7:28 of 2nd period - Kristians Rubins is hit by Viktor Lodin and loses puck.
8:09 of 2nd period - Joe Snively is hit by Travis Boyd and loses puck.
8:49 of 2nd period - Wrist shot by Stefan Noesen.
8:49 of 2nd period - Shot Misses the Net.
9:27 of 2nd period - Slapshot by Mattias Janmark.
9:27 of 2nd period - Shot Misses the Net.
9:55 of 2nd period - Derek Grant is hit by David Gustafsson and loses puck.
10:20 of 2nd period - Chad Ruhwedel is hit by Kevin Rooney and loses puck.
10:50 of 2nd period - Backhand shot by Logan O'Connor.
10:50 of 2nd period - Stopped by Carter Hart with a rebound.
10:52 of 2nd period - Snap shot by Logan O'Connor.
10:52 of 2nd period - Shot Blocked by Zachary Sanford.
11:02 of 2nd period - Kristians Rubins is hit by Gavin Bayreuther and loses puck.
11:11 of 2nd period - Wrist shot by Michael McLeod.
11:11 of 2nd period - Deflect By Jesper Boqvist.
11:11 of 2nd period - Stopped by Spencer Knight without a rebound.
11:12 of 2nd period - Derek Grant wins face-off versus Jack Roslovic in Espoo Blues zone.
11:12 of 2nd period - Derek Grant is hit by Hunter Drew.
11:26 of 2nd period - Snap shot by Kailer Yamamoto.
11:26 of 2nd period - Stopped by Spencer Knight with a rebound.
11:40 of 2nd period - Backhand shot by Mattias Janmark.
11:40 of 2nd period - Stopped by Carter Hart with a rebound.
12:06 of 2nd period - Snap shot by Kailer Yamamoto.
12:06 of 2nd period - Shot Misses the Net.
12:08 of 2nd period - Snap shot by Kailer Yamamoto.
12:08 of 2nd period - Shot Misses the Net.
12:10 of 2nd period - Slapshot by Wyatt Kalynuk.
12:10 of 2nd period - Shot Misses the Net.
12:12 of 2nd period - Wrist shot by Travis Boyd.
12:12 of 2nd period - Shot Misses the Net.
12:14 of 2nd period - Wrist shot by Jack Roslovic.
12:14 of 2nd period - Stopped by Spencer Knight without a rebound.
12:15 of 2nd period - Michael McLeod wins face-off versus Derek Grant in Espoo Blues zone.
12:16 of 2nd period - Snap shot by Zachary Sanford.
12:16 of 2nd period - Stopped by Spencer Knight with a rebound.
12:18 of 2nd period - Wrist shot by Austin Strand.
12:18 of 2nd period - Stopped by Spencer Knight with a rebound.
12:20 of 2nd period - Wrist shot by Austin Strand.
12:20 of 2nd period - Stopped by Spencer Knight without a rebound.
12:21 of 2nd period - Michael McLeod wins face-off versus Derek Grant in Espoo Blues zone.
12:34 of 2nd period - Snap shot by Jesper Boqvist.
12:34 of 2nd period - Shot Hit the Post.
12:36 of 2nd period - Slapshot by Calle Rosen.
12:36 of 2nd period - Shot Misses the Net.
13:06 of 2nd period - Fredrik Karlstrom is hit by Evgeny Svechnikov and loses puck.
13:33 of 2nd period - Wrist shot by Michael McLeod.
13:33 of 2nd period - Shot Misses the Net.
13:49 of 2nd period - Stefan Noesen is hit by Sean Day and loses puck.
14:08 of 2nd period - Snap shot by Carter Rowney.
14:08 of 2nd period - Shot Blocked by Ridly Greig.
14:30 of 2nd period - Wrist shot by David Gustafsson.
14:30 of 2nd period - Shot Misses the Net.
14:37 of 2nd period - Off-side.
14:38 of 2nd period - Michael McLeod wins face-off versus Derek Grant in neutral zone.
15:08 of 2nd period - Snap shot by Stefan Noesen.
15:08 of 2nd period - Stopped by Carter Hart without a rebound.
15:09 of 2nd period - Derick Brassard wins face-off versus Jack Roslovic in Santa Cruz Tiger Sharks zone.
15:20 of 2nd period - Snap shot by Kailer Yamamoto.
15:20 of 2nd period - Deflect By Travis Boyd.
15:20 of 2nd period - Shot Misses the Net.
15:20 of 2nd period - Puck is out of play.
15:21 of 2nd period - Michael McLeod wins face-off versus Derek Grant in Espoo Blues zone.
15:34 of 2nd period - Snap shot by Mattias Samuelsson.
15:34 of 2nd period - Deflect By Derek Grant.
15:34 of 2nd period - Stopped by Carter Hart with a rebound.
15:42 of 2nd period - Minor Penalty to Zachary Sanford for Hooking.
15:43 of 2nd period - Jack Roslovic wins face-off versus Derick Brassard in Santa Cruz Tiger Sharks zone.
15:55 of 2nd period - Off-side.
15:56 of 2nd period - Derick Brassard wins face-off versus Michael McLeod in neutral zone.
16:03 of 2nd period - Slapshot by Derick Brassard.
16:03 of 2nd period - Shot Hit the Post.
16:05 of 2nd period - Slapshot by Mattias Samuelsson.
16:05 of 2nd period - Deflect By Joe Snively.
16:05 of 2nd period - Stopped by Carter Hart with a rebound.
16:07 of 2nd period - Snap shot by Derick Brassard.
16:07 of 2nd period - Goal by Derick Brassard - Santa Cruz Tiger Sharks : 0 - Espoo Blues : 2.
16:08 of 2nd period - Michael McLeod wins face-off versus Patric Hornqvist in neutral zone.
16:14 of 2nd period - Minor Penalty to Brendan Lemieux for Holding Stick.
16:15 of 2nd period - Michael McLeod wins face-off versus Derek Grant in Espoo Blues zone.
16:16 of 2nd period - Snap shot by Jesper Boqvist.
16:16 of 2nd period - Shot Misses the Net.
16:26 of 2nd period - Snap shot by Mattias Samuelsson.
16:26 of 2nd period - Stopped by Carter Hart without a rebound.
16:27 of 2nd period - Jack Roslovic wins face-off versus Derek Grant in Santa Cruz Tiger Sharks zone.
17:00 of 2nd period - Wrist shot by Derick Brassard.
17:00 of 2nd period - Shot Blocked by Jesper Boqvist.
18:14 of 2nd period - Penalty to Brendan Lemieux is over, Brendan Lemieux is back on ice.
18:24 of 2nd period - Anton Blidh is hit by Steven Lorentz and loses puck.
18:41 of 2nd period - Wrist shot by Brendan Lemieux.
18:41 of 2nd period - Stopped by Carter Hart without a rebound.
18:42 of 2nd period - David Gustafsson wins face-off versus Derek Grant in Santa Cruz Tiger Sharks zone.
18:47 of 2nd period - Wrist shot by Patric Hornqvist.
18:47 of 2nd period - Stopped by Carter Hart with a rebound.
18:49 of 2nd period - Snap shot by Patric Hornqvist.
18:49 of 2nd period - Stopped by Carter Hart with a rebound.
18:51 of 2nd period - Snap shot by Brendan Lemieux.
18:51 of 2nd period - Shot Blocked by Evgeny Svechnikov.
19:14 of 2nd period - Snap shot by Evgeny Svechnikov.
19:14 of 2nd period - Stopped by Spencer Knight without a rebound.
19:15 of 2nd period - Michael McLeod wins face-off versus Derick Brassard in Espoo Blues zone.
19:28 of 2nd period - Kristians Rubins is hit by Urho Vaakanainen and loses puck.
Goals for this period are 0 for Santa Cruz Tiger Sharks vs 1 for Espoo Blues.
Shots for this period are 12 for Santa Cruz Tiger Sharks vs 10 for Espoo Blues.
3rd period
0:01 of 3rd period - Derek Grant wins face-off versus Jack Roslovic in neutral zone.
0:04 of 3rd period - Snap shot by Brendan Lemieux.
0:04 of 3rd period - Shot Misses the Net.
0:06 of 3rd period - Snap shot by Brendan Lemieux.
0:06 of 3rd period - Shot Blocked by Austin Strand.
0:08 of 3rd period - Slapshot by Mattias Samuelsson.
0:08 of 3rd period - Stopped by Carter Hart with a rebound.
0:10 of 3rd period - Wrist shot by Mattias Samuelsson.
0:10 of 3rd period - Stopped by Carter Hart with a rebound.
0:12 of 3rd period - Wrist shot by Michael Stone.
0:12 of 3rd period - Stopped by Carter Hart with a rebound.
0:14 of 3rd period - Slapshot by Michael Stone.
0:14 of 3rd period - Shot Blocked by Jack Roslovic.
0:16 of 3rd period - Slapshot by Michael Stone.
0:16 of 3rd period - Stopped by Carter Hart with a rebound.
1:18 of 3rd period - Off-side.
1:19 of 3rd period - Jack Roslovic wins face-off versus Derek Grant in neutral zone.
1:28 of 3rd period - Slapshot by Jack Roslovic.
1:28 of 3rd period - Shot Blocked by Mattias Samuelsson.
2:11 of 3rd period - Snap shot by Carter Rowney.
2:11 of 3rd period - Stopped by Spencer Knight with a rebound.
2:25 of 3rd period - Slapshot by David Gustafsson.
2:25 of 3rd period - Shot Misses the Net.
2:27 of 3rd period - Snap shot by Alexander Volkov.
2:27 of 3rd period - Shot Misses the Net.
2:29 of 3rd period - Snap shot by Austin Strand.
2:29 of 3rd period - Shot Misses the Net.
2:47 of 3rd period - Snap shot by Anton Blidh.
2:47 of 3rd period - Stopped by Carter Hart without a rebound.
2:48 of 3rd period - Viktor Lodin wins face-off versus Jack Roslovic in Santa Cruz Tiger Sharks zone.
2:59 of 3rd period - Jack Roslovic is hit by Anton Blidh and loses puck.
3:21 of 3rd period - Snap shot by Viktor Lodin.
3:21 of 3rd period - Shot Blocked by Jack Roslovic.
3:23 of 3rd period - Slapshot by Mattias Samuelsson.
3:23 of 3rd period - Deflect By Viktor Lodin.
3:23 of 3rd period - Shot Misses the Net.
3:23 of 3rd period - Puck is out of play.
3:24 of 3rd period - Michael McLeod wins face-off versus Derick Brassard in Santa Cruz Tiger Sharks zone.
3:33 of 3rd period - Wrist shot by Jesper Boqvist.
3:33 of 3rd period - Shot Misses the Net.
3:35 of 3rd period - Snap shot by Jesper Boqvist.
3:35 of 3rd period - Stopped by Spencer Knight without a rebound.
3:36 of 3rd period - Michael McLeod wins face-off versus Derick Brassard in Espoo Blues zone.
4:03 of 3rd period - Travis Boyd is hit by Derek Grant and loses puck.
4:26 of 3rd period - Snap shot by Kevin Rooney.
4:26 of 3rd period - Stopped by Spencer Knight without a rebound.
4:27 of 3rd period - Derick Brassard wins face-off versus Kevin Rooney in Espoo Blues zone.
4:34 of 3rd period - Wrist shot by Stefan Noesen.
4:34 of 3rd period - Stopped by Carter Hart with a rebound.
4:59 of 3rd period - Off-side.
5:00 of 3rd period - Michael McLeod wins face-off versus Derek Grant in neutral zone.
5:05 of 3rd period - Wrist shot by Michael McLeod.
5:05 of 3rd period - Goal by Michael McLeod - Santa Cruz Tiger Sharks : 1 - Espoo Blues : 2.
5:06 of 3rd period - Jack Roslovic wins face-off versus Derick Brassard in neutral zone.
5:09 of 3rd period - Snap shot by Travis Boyd.
5:09 of 3rd period - Stopped by Spencer Knight with a rebound.
5:19 of 3rd period - Backhand shot by Derick Brassard.
5:19 of 3rd period - Shot Blocked by Travis Boyd.
5:51 of 3rd period - Off-side.
5:52 of 3rd period - Fredrik Karlstrom wins face-off versus Kevin Rooney in neutral zone.
5:55 of 3rd period - Slapshot by Michael Stone.
5:55 of 3rd period - Stopped by Carter Hart with a rebound.
5:57 of 3rd period - Snap shot by Logan O'Connor.
5:57 of 3rd period - Shot Misses the Net.
5:59 of 3rd period - Slapshot by Michael Stone.
5:59 of 3rd period - Stopped by Carter Hart with a rebound.
6:07 of 3rd period - Slapshot by Logan O'Connor.
6:07 of 3rd period - Stopped by Carter Hart with a rebound.
6:29 of 3rd period - Joe Snively is hit by Travis Boyd.
7:28 of 3rd period - Snap shot by Anton Blidh.
7:28 of 3rd period - Stopped by Carter Hart with a rebound.
7:30 of 3rd period - Wrist shot by Anton Blidh.
7:30 of 3rd period - Shot Misses the Net.
7:37 of 3rd period - Icing by Calle Rosen.
7:38 of 3rd period - Jack Roslovic wins face-off versus Joe Snively in Santa Cruz Tiger Sharks zone.
8:11 of 3rd period - Snap shot by Stefan Noesen.
8:11 of 3rd period - Shot Misses the Net.
8:27 of 3rd period - Wrist shot by Stefan Noesen.
8:27 of 3rd period - Shot Misses the Net.
8:29 of 3rd period - Slapshot by Gavin Bayreuther.
8:29 of 3rd period - Deflect By Derick Brassard.
8:29 of 3rd period - Stopped by Carter Hart with a rebound.
8:31 of 3rd period - Slapshot by Gavin Bayreuther.
8:31 of 3rd period - Deflect By Derick Brassard.
8:31 of 3rd period - Shot Misses the Net.
8:31 of 3rd period - Puck is out of play.
8:32 of 3rd period - Zachary Sanford wins face-off versus Derek Grant in Santa Cruz Tiger Sharks zone.
8:32 of 3rd period - Zachary Sanford is hit by Patric Hornqvist.
8:35 of 3rd period - Minor Penalty to Hunter Drew for Holding Stick.
8:36 of 3rd period - Derek Grant wins face-off versus Jack Roslovic in Santa Cruz Tiger Sharks zone.
8:36 of 3rd period - Snap shot by Patric Hornqvist.
8:36 of 3rd period - Stopped by Carter Hart without a rebound.
8:37 of 3rd period - Jack Roslovic wins face-off versus Derek Grant in Santa Cruz Tiger Sharks zone.
10:01 of 3rd period - Travis Boyd is hit by Michael Stone.
10:29 of 3rd period - Jack Roslovic is hit by Chad Ruhwedel and loses puck.
10:35 of 3rd period - Penalty to Hunter Drew is over, Hunter Drew is back on ice.
10:40 of 3rd period - Wrist shot by Mattias Janmark.
10:40 of 3rd period - Shot Misses the Net.
11:06 of 3rd period - Snap shot by Viktor Lodin.
11:06 of 3rd period - Shot Misses the Net.
11:08 of 3rd period - Snap shot by Mattias Samuelsson.
11:08 of 3rd period - Stopped by Carter Hart with a rebound.
11:10 of 3rd period - Snap shot by Viktor Lodin.
11:10 of 3rd period - Shot Blocked by Calle Rosen.
11:19 of 3rd period - Off-side.
11:20 of 3rd period - Kevin Rooney wins face-off versus Fredrik Karlstrom in neutral zone.
11:23 of 3rd period - Michael Stone is hit by Sean Day and loses puck.
13:07 of 3rd period - Slapshot by Brendan Lemieux.
13:07 of 3rd period - Stopped by Carter Hart with a rebound.
13:09 of 3rd period - Snap shot by Derek Grant.
13:09 of 3rd period - Stopped by Carter Hart with a rebound.
13:11 of 3rd period - Slapshot by Derek Grant.
13:11 of 3rd period - Stopped by Carter Hart with a rebound.
13:15 of 3rd period - Snap shot by Patric Hornqvist.
13:15 of 3rd period - Stopped by Carter Hart with a rebound.
15:16 of 3rd period - Gavin Bayreuther is hit by Jesper Boqvist and loses puck.
15:41 of 3rd period - Minor Penalty to Brendan Lemieux for Hooking.
15:42 of 3rd period - Derek Grant wins face-off versus Travis Boyd in Espoo Blues zone.
15:51 of 3rd period - Mattias Samuelsson is hit by Kailer Yamamoto and loses puck.
15:56 of 3rd period - Snap shot by Jack Roslovic.
15:56 of 3rd period - Shot Misses the Net.
15:58 of 3rd period - Snap shot by Travis Boyd.
15:58 of 3rd period - Shot Blocked by Derek Grant.
16:11 of 3rd period - Icing by Sean Day.
16:12 of 3rd period - Derick Brassard wins face-off versus Michael McLeod in Santa Cruz Tiger Sharks zone.
16:15 of 3rd period - Snap shot by Derick Brassard.
16:15 of 3rd period - Shot Misses the Net.
16:17 of 3rd period - Slapshot by Cam York.
16:17 of 3rd period - Stopped by Carter Hart with a rebound.
16:19 of 3rd period - Wrist shot by Derick Brassard.
16:19 of 3rd period - Stopped by Carter Hart with a rebound.
16:21 of 3rd period - Slapshot by Logan O'Connor.
16:21 of 3rd period - Stopped by Carter Hart without a rebound.
16:22 of 3rd period - Derek Grant wins face-off versus Jack Roslovic in Santa Cruz Tiger Sharks zone.
16:51 of 3rd period - Slapshot by Sean Day.
16:51 of 3rd period - Shot Blocked by Michael Stone.
16:53 of 3rd period - Wrist shot by Kristians Rubins.
16:53 of 3rd period - Shot Blocked by Mattias Samuelsson.
16:55 of 3rd period - Slapshot by Kristians Rubins.
16:55 of 3rd period - Shot Blocked by Logan O'Connor.
16:57 of 3rd period - Snap shot by Michael McLeod.
16:57 of 3rd period - Stopped by Spencer Knight with a rebound.
17:19 of 3rd period - Mattias Samuelsson is hit by Michael McLeod and loses puck.
17:41 of 3rd period - Penalty to Brendan Lemieux is over, Brendan Lemieux is back on ice.
17:50 of 3rd period - Cam York is hit by Evgeny Svechnikov.
18:03 of 3rd period - Slapshot by Derick Brassard.
18:03 of 3rd period - Stopped by Carter Hart with a rebound.
18:05 of 3rd period - Wrist shot by Brendan Lemieux.
18:05 of 3rd period - Stopped by Carter Hart with a rebound.
18:07 of 3rd period - Snap shot by Derick Brassard.
18:07 of 3rd period - Shot Misses the Net.
18:09 of 3rd period - Wrist shot by Derick Brassard.
18:09 of 3rd period - Shot Blocked by Evgeny Svechnikov.
18:11 of 3rd period - Backhand shot by Joe Snively.
18:11 of 3rd period - Shot Blocked by David Gustafsson.
18:13 of 3rd period - Slapshot by Chad Ruhwedel.
18:13 of 3rd period - Stopped by Carter Hart without a rebound.
18:14 of 3rd period - Derek Grant wins face-off versus Kevin Rooney in Santa Cruz Tiger Sharks zone.
18:19 of 3rd period - Slapshot by Patric Hornqvist.
18:19 of 3rd period - Goal by Patric Hornqvist - Santa Cruz Tiger Sharks : 1 - Espoo Blues : 3.
18:20 of 3rd period - Carter Rowney wins face-off versus Fredrik Karlstrom in neutral zone.
18:27 of 3rd period - Slapshot by Kristians Rubins.
18:27 of 3rd period - Shot Blocked by Mattias Janmark.
18:29 of 3rd period - Wrist shot by Carter Rowney.
18:29 of 3rd period - Goal by Carter Rowney - Santa Cruz Tiger Sharks : 2 - Espoo Blues : 3.
18:30 of 3rd period - Kevin Rooney wins face-off versus Fredrik Karlstrom in neutral zone.
18:55 of 3rd period - Santa Cruz Tiger Sharks, Carter Hart is pulled from the net.
19:17 of 3rd period - Wrist shot by Logan O'Connor.
19:17 of 3rd period - Deflect By Mattias Janmark.
19:17 of 3rd period - Shot Misses the Net.
19:17 of 3rd period - Puck is out of play.
19:18 of 3rd period - Joel Bouchard call a timeout for Santa Cruz Tiger Sharks.
19:18 of 3rd period - Carter Hart from Santa Cruz Tiger Sharks was sent back in the game.
19:18 of 3rd period - Derek Grant wins face-off versus Jack Roslovic in Santa Cruz Tiger Sharks zone.
19:33 of 3rd period - Santa Cruz Tiger Sharks, Carter Hart is pulled from the net.
19:37 of 3rd period - Snap shot by Travis Boyd.
19:37 of 3rd period - Shot Misses the Net.
19:39 of 3rd period - Wrist shot by Travis Boyd.
19:39 of 3rd period - Stopped by Spencer Knight with a rebound.
Goals for this period are 2 for Santa Cruz Tiger Sharks vs 1 for Espoo Blues.
Shots for this period are 8 for Santa Cruz Tiger Sharks vs 24 for Espoo Blues.
Back to the Top